 Dungeon Crawl Stone Soup version 0.20.1-1-g8b1a95d (webtiles) character file.

24259 kiryas the Thaumaturge (level 13, -7/70 HPs)
             Began as a Gargoyle Earth Elementalist on Oct 7, 2017.
             Was a Priest of Nemelex Xobeh.
             Mangled by an anaconda (12 damage)
             ... on level 1 of the Snake Pit on Oct 15, 2017.
             The game lasted 02:53:03 (19270 turns).

kiryas the Thaumaturge (GrEE)                      Turns: 19270, Time: 02:53:04

Health: -7/70      AC: 13    Str: 12    XL:     13   Next: 12%
Magic:  0/39       EV:  9    Int: 21    God:    Nemelex Xobeh [***...]
Gold:   847        SH:  0    Dex: 10    Spells: 14/38 levels left

rFire    . . .     SeeInvis +   V - +0 quarterstaff (freeze)
rCold    . . .     Gourm    .   (shield currently unavailable)
rNeg     + + .     Faith    .   t - +0 robe {rN+}
rPois    ∞         Spirit   +   v - +0 hat {SInv}
rElec    +         Reflect  .   k - +0 cloak
rCorr    .         Harm     .   j - +0 pair of gloves
MR       .....                  (no boots)
Stlth    +++.......             E - amulet of guardian spirit
Regen    0.3/turn               P - ring of magical power
MPRegen  0.3/turn               u - ring of poison resistance

@: very slightly contaminated, constricted
A: negative energy resistance 1, electricity resistance, unbreathing,
petrification resistance, rot immunity, AC +9
a: Triple Draw, Renounce Religion


You were on level 1 of the Snake Pit.
You worshipped Nemelex Xobeh.
Nemelex Xobeh was most pleased with you.
You were not hungry.

You visited 3 branches of the dungeon, and saw 16 of its levels.
You also visited: Bailey.

You collected 929 gold pieces.
You spent 82 gold pieces at shops.

Inventory:

Hand Weapons
 h - a +2 mace
 F - a +3 quarterstaff of protection
 V - a +0 quarterstaff of freezing (weapon)
Missiles
 b - 296 stones (quivered)
Armour
 c - a +1 robe of cold resistance
 j - a +0 pair of gloves (worn)
 k - a +0 cloak (worn)
 r - a +1 buckler of protection
 t - a +0 robe of positive energy (worn)
 v - a +0 hat of see invisible (worn)
 G - a +2 helmet
 I - +0 swamp dragon scales
 T - the +0 robe "Qaroh" {Str+2}
   (You found it in a bailey)

   It affects your strength (+2).
Magical Staves
 N - an uncursed staff of death
Jewellery
 e - an uncursed ring of stealth
 o - an uncursed ring of protection from cold
 u - a ring of poison resistance (right hand)
 w - an uncursed ring of stealth
 E - an amulet of guardian spirit (around neck)
 P - a ring of magical power (left hand)
 Q - an uncursed amulet of faith
 W - a +4 amulet of reflection {unknown}
 X - a cursed amulet of inaccuracy {unknown}
Wands
 K - a wand of confusion (47/48)
 Z - a wand of polymorph (22/24)
Scrolls
 g - 2 scrolls of teleportation
 p - 5 scrolls of amnesia
 y - 2 scrolls of magic mapping
 L - a scroll of remove curse
Potions
 a - 9 potions of curing
 i - 3 potions of mutation {unknown}
 l - 2 potions of ambrosia
 n - 5 potions of agility
 x - 4 potions of might
 J - 2 potions of invisibility {unknown}
 M - 2 potions of flight {unknown}
 R - a potion of haste
 U - a potion of heal wounds
Books
 A - the Tome of Plasticity
   (You acquired it on level 10 of the Dungeon)

   Spells                             Type                      Level
   a - Confusing Touch                Hexes                        1
   b - Leda's Liquefaction            Hexes/Earth                  4
   c - Bolt of Magma                  Conjuration/Fire/Earth       5
   d - Iron Shot                      Conjuration/Earth            6
 O - a Necronomicon

   Spells                             Type                      Level
   a - Haunt                          Necromancy/Summoning         7
   b - Borgnjor's Revivification      Necromancy                   8
   c - Death's Door                   Charms/Necromancy            8
   d - Infestation                    Necromancy                   8
   e - Necromutation                  Transmutation/Necromancy     8
Miscellaneous
 z - an ornate deck of escape {drawn: 4}
 C - a legendary deck of summoning {drawn: 5}
Comestibles
 d - 6 bread rations
 f - 6 royal jellies
 m - 5 meat rations


   Skills:
 + Level 4.0 Fighting
 - Level 1.5(2.5) Maces & Flails
 + Level 3.1(3.3) Staves
 - Level 1.5 Dodging
 + Level 5.5 Stealth
 - Level 13.2 Spellcasting
 * Level 6.2 Conjurations
 * Level 7.9 Transmutations
 - Level 10.1 Earth Magic
 + Level 5.8 Invocations
 + Level 1.0 Evocations


You had 14 spell levels left.
You knew the following spells:

 Your Spells              Type           Power        Failure   Level  Hunger
a - Sandblast             Erth           ######       1%          1    None
b - Passwall              Tmut/Erth      ######....   1%          2    None
c - Stone Arrow           Conj/Erth      #####.       1%          3    None
d - Lee's Rapid Deconstr  Erth           ######....   1%          5    ####...
e - Petrify               Tmut/Erth      ######..     1%          4    None
f - Leda's Liquefaction   Hex/Erth       #####.....   5%          4    None
g - Bolt of Magma         Conj/Fire/Erth #####.....   14%         5    ####...


Dungeon Overview and Level Annotations

Branches:
Dungeon (11/15)            Temple (0/1) D:4            Lair (4/6) D:8
  Swamp (0/4) Lair:3        Snake (1/4) Lair:4
    Orc: D:9-12

Altars:
Gozag
Hepliaklqana
Kikubaaqudgha
Makhleb
Nemelex Xobeh
Okawaru
Sif Muna
Trog
Xom
Yredelemnul
Zin
The Shining One
Beogh

Shops:
D:4 *

Annotations:
D:10 Nidhoragg's ghost, novice HOFi


Innate Abilities, Weirdness & Mutations

You are resistant to torment.
Your stone body is resilient. (AC +9)
You are immune to poison.
You resist negative energy. (rN+)
You are resistant to electric shocks. (rElec)
You can survive without breathing.
You are immune to petrification.
You are immune to rotting.


Message History

* * * LOW HITPOINT WARNING * * *
The anaconda constricts you.
Evoke which item? (* to show all) (? for menu, Esc to quit)
You draw a card...
It is the Tomb.
Walls emerge from the floor!
The anaconda bites you!
* * * LOW HITPOINT WARNING * * *
x2 The anaconda constricts you.
Cast which spell? (? or * to list) Which direction?
The anaconda bites you!
* * * LOW HITPOINT WARNING * * *
The anaconda constricts you. The anaconda barely misses you.
* * * LOW HITPOINT WARNING * * *
The anaconda constricts you.
You begin to meditate on the wall.
You continue meditating on the rock.
The anaconda bites you.
* * * LOW HITPOINT WARNING * * *
x2 The anaconda constricts you.
The anaconda bites you!
You die...
Your body glows with a rainbow of weird colours and disappears.

#. .. #. ..
#. .##
######.#'.+
#.........#
#.........#
#.....####
#.....#@##
#.....#S#+
#........#
#.........
######.#.#.
#.#.### #
#h#.. ..
#### #(##.
... #...
#.# ..⌠.
#...


You could see an anaconda, a friendly hell hound and a friendly enchanted long
sword.

Vanquished Creatures
  2 hydras
  A naga warrior (Snake:1)
  A two-headed ogre (D:10)
  A shock serpent (Snake:1)
  A death drake (Snake:1)
  An orc knight (Bailey)
  A naga mage (Snake:1)
  5 black mambas
  Grinder (D:3)
  2 blink frogs (Lair:4)
  3 hippogriffs
  A redback (Snake:1)
  Sigmund (D:2)
  3 fire bats (Lair:3)
  A steam dragon (D:5)
  A basilisk (Lair:4)
  10 nagas
  9 water moccasins
  6 orc warriors (Bailey)
  4 porcupines
  3 sky beasts
  6 ice beasts
  A black bear (D:9)
  4 ogres
  Purgy (D:4)
  7 wolves
  3 phantoms
  A centaur (D:6)
  4 crocodiles
  6 bullfrogs
  A big kobold (D:8)
  3 scorpions
  3 killer bees (D:7)
  5 wights
  3 crimson imps
  3 jellies
  A centaur zombie (D:5)
  3 bullfrog skeletons
  5 hounds
  2 bullfrog zombies
  5 orc priests
  2 centaur skeletons
  5 orc wizards
  6 iguanas
  Ijyb (D:3)
  Natasha (D:2)
  A hell rat (D:8)
  4 worker ants
  A killer bee zombie (D:6)
  A hound skeleton (D:7)
  A worker ant zombie (D:7)
  11 adders
  5 gnolls
  2 shadow imps
  An ooze (D:2)
  An adder skeleton (D:4)
  3 worms
  2 dart slugs
  3 leopard geckos (D:7)
  18 orcs
  9 ball pythons
  2 giant cockroaches
  13 goblins
  9 hobgoblins
  11 jackals
  5 quokkas
  4 bats
  4 frilled lizards
  13 kobolds
  4 rats
  2 plants
270 creatures vanquished.

Vanquished Creatures (collateral kills)
  Gastronok (Lair:3)
  Fannar (Lair:2)
  A catoblepas (Lair:2)
  3 death yaks (D:8)
  Urug (Lair:2)
  An orc high priest (Bailey)
  Sonja (Lair:3)
  2 swamp dragons
  2 mana vipers (Snake:1)
  A faun (Snake:1)
  A spiny frog (Lair:4)
  A kobold demonologist (Bailey)
  A komodo dragon (Lair:3)
  Prince Ribbit (D:8)
  2 hippogriffs
  6 blink frogs
  A basilisk (Lair:3)
  A steam dragon (Bailey)
  A naga (Snake:1)
  3 porcupines (Lair:2)
  A black bear (D:8)
  2 sky beasts
  An ice beast (D:8)
  5 orc warriors
  An ogre (D:7)
  A wolf (Lair:4)
  A crocodile (Lair:1)
  2 bullfrogs (Lair:2)
  A killer bee (D:7)
  4 electric eels (Bailey)
  3 wights (D:7)
  2 crimson imps (D:8)
  4 orc priests
  6 orc wizards
  A worker ant (D:8)
  A gnoll (Bailey)
  2 adders
  A leopard gecko (D:7)
  20 orcs
  A giant cockroach (D:5)
  2 hobgoblins (Bailey)
  4 jackals (D:8)
  3 goblins (Bailey)
  A quokka skeleton (D:6)
  2 rats (D:8)
  3 fungi (Lair:2)
  2 plants (Lair:2)
109 creatures vanquished.

Vanquished Creatures (others)
  A hippogriff (Lair:4)
  2 ball lightnings
  2 fungi (Lair:4)
  2 plants (Lair:4)
7 creatures vanquished.

Grand Total: 386 creatures vanquished

Notes
Turn   | Place    | Note
-------+----------+-------------------------------------------
     0 | D:1      | kiryas the Gargoyle Earth Elementalist began the quest for the Orb.
     0 | D:1      | Reached XP level 1. HP: 10/10 MP: 3/3
   354 | D:1      | Found a sparkling altar of Nemelex Xobeh.
   363 | D:1      | Became a worshipper of Nemelex Xobeh the Trickster
   428 | D:1      | Received a gift from Nemelex Xobeh
   477 | D:1      | Reached XP level 2. HP: 15/15 MP: 5/5
   966 | D:2      | Noticed Natasha
   977 | D:2      | Killed Natasha
   977 | D:2      | Reached XP level 3. HP: 17/19 MP: 0/7
  1104 | D:2      | Reached * piety under Nemelex Xobeh
  1135 | D:2      | Reached XP level 4. HP: 22/24 MP: 4/8
  1139 | D:2      | Reached skill level 3 in Spellcasting
  1276 | D:2      | Found an iron altar of Okawaru.
  1413 | D:2      | Noticed Terence
  1415 | D:2      | Noticed Terence
  1415 | D:2      | Terence changed into Terence the rat
  1417 | D:2      | Killed Terence the rat
  1446 | D:2      | Noticed Sigmund
  1453 | D:2      | Killed Sigmund
  1453 | D:2      | Reached skill level 4 in Spellcasting
  1453 | D:2      | Reached skill level 5 in Earth Magic
  1453 | D:2      | Reached XP level 5. HP: 26/28 MP: 5/11
  1453 | D:2      | Reached XP level 6. HP: 30/32 MP: 5/12
  1600 | D:2      | Found a shimmering altar of Xom.
  1690 | D:2      | Learned a level 2 spell: Passwall
  1694 | D:2      | Learned a level 3 spell: Stone Arrow
  2095 | D:3      | Noticed Grinder
  2112 | D:3      | Killed Grinder
  2112 | D:3      | Reached skill level 1 in Maces & Flails
  2112 | D:3      | Reached skill level 1 in Invocations
  2112 | D:3      | Reached XP level 7. HP: 37/37 MP: 7/14
  2191 | D:3      | Found a sparkling altar of Nemelex Xobeh.
  2191 | D:3      | Found an opulent altar of Gozag.
  2297 | D:3      | Found a hazy altar of Hepliaklqana.
  2502 | D:3      | Noticed Ijyb
  3026 | D:3      | Killed Ijyb
  3026 | D:3      | Reached skill level 5 in Spellcasting
  3356 | D:4      | Found Bukkaanemm's General Store.
  3454 | D:4      | Bought a scroll of enchant weapon for 82 gold pieces
  3456 | D:4      | Reached ** piety under Nemelex Xobeh
  3792 | D:4      | Found a staircase to the Ecumenical Temple.
  3793 | D:4      | Noticed Purgy
  3801 | D:4      | Killed Purgy
  3937 | D:4      | Found an iron altar of Okawaru.
  4406 | D:5      | Entered Level 5 of the Dungeon
  4546 | D:5      | Found a sparkling altar of Nemelex Xobeh.
  4574 | D:5      | Reached XP level 8. HP: 42/42 MP: 0/16
  4827 | D:5      | Received a gift from Nemelex Xobeh
  4870 | D:5      | Reached skill level 6 in Spellcasting
  4870 | D:5      | Reached skill level 1 in Conjurations
  5128 | D:5      | Reached *** piety under Nemelex Xobeh
  5481 | D:5      | Reached skill level 1 in Fighting
  6601 | D:6      | Reached XP level 9. HP: 47/47 MP: 16/19
  6758 | D:6      | Found an opulent altar of Gozag.
  6791 | D:6      | Received a gift from Nemelex Xobeh
  6808 | D:6      | Reached skill level 7 in Spellcasting
  7111 | D:7      | Learned a level 5 spell: Lee's Rapid Deconstruction
  7119 | D:7      | Learned a level 4 spell: Petrify
  7189 | D:7      | Reached skill level 1 in Transmutations
  7250 | D:7      | Found a transporter.
  7335 | D:7      | Found a roughly hewn altar of Beogh.
  7358 | D:7      | Reached skill level 10 in Earth Magic
  7380 | D:7      | Found a transporter.
  7571 | D:7      | Found a glowing silver altar of Zin.
  7787 | D:7      | Reached skill level 8 in Spellcasting
  8066 | D:7      | Reached **** piety under Nemelex Xobeh
  8317 | D:7      | Reached skill level 1 in Staves
  8445 | D:8      | Reached XP level 10. HP: 54/54 MP: 22/22
  8491 | D:8      | Noticed Prince Ribbit
  8496 | D:8      | Killed Prince Ribbit
  8811 | D:8      | Found a basalt altar of Yredelemnul.
  8813 | D:8      | Found a glowing golden altar of the Shining One.
  8816 | D:8      | Found a bloodstained altar of Trog.
  8816 | D:8      | Found a burning altar of Makhleb.
  8817 | D:8      | Found an ancient bone altar of Kikubaaqudgha.
  8818 | D:8      | Found a deep blue altar of Sif Muna.
  8870 | D:8      | Received a gift from Nemelex Xobeh
  8904 | D:8      | Found a staircase to the Lair.
  8908 | D:8      | Noticed a death yak
  8933 | D:8      | Killed a death yak
  8933 | D:8      | Reached skill level 9 in Spellcasting
  9058 | D:8      | Noticed a death yak
  9058 | D:8      | Noticed a death yak
  9074 | D:8      | Killed a death yak
  9074 | D:8      | Killed a death yak
  9750 | D:8      | Received a gift from Nemelex Xobeh
 10209 | D:9      | Reached ***** piety under Nemelex Xobeh
 10286 | D:9      | Found a flagged portal.
 10302 | Bailey   | Entered a bailey
 10302 | Bailey   | Received a gift from Nemelex Xobeh
 10341 | Bailey   | Noticed an orc knight
 10347 | Bailey   | Noticed a kobold demonologist
 10361 | Bailey   | Killed an orc knight
 10365 | Bailey   | Killed a kobold demonologist
 10390 | Bailey   | Noticed an orc high priest
 10398 | Bailey   | Killed an orc high priest
 10398 | Bailey   | Reached XP level 11. HP: 34/60 MP: 10/24
 10535 | Bailey   | Reached skill level 10 in Spellcasting
 10934 | Bailey   | Found an iron altar of Okawaru.
 11173 | Bailey   | Got a bloodstained robe
 11185 | Bailey   | Identified the cursed +0 robe "Qaroh" {Str+2} (You found it in a bailey)
 11362 | D:9      | Received a gift from Nemelex Xobeh
 11758 | D:9      | Received a gift from Nemelex Xobeh
 12067 | D:10     | Entered Level 10 of the Dungeon
 12525 | D:10     | Noticed Nidhoragg's ghost (novice HOFi)
 12782 | D:10     | Identified the Tome of Plasticity (You acquired it on level 10 of the Dungeon)
 12789 | D:10     | Learned a level 4 spell: Leda's Liquefaction
 12864 | D:10     | Received a gift from Nemelex Xobeh
 12886 | D:10     | Noticed a two-headed ogre
 12911 | D:10     | Killed a two-headed ogre
 13431 | Lair:1   | Entered Level 1 of the Lair of Beasts
 13456 | Lair:1   | Reached skill level 11 in Spellcasting
 13553 | Lair:1   | Reached skill level 5 in Transmutations
 13601 | Lair:1   | Received a gift from Nemelex Xobeh
 13709 | Lair:1   | Noticed a catoblepas
 14398 | Lair:2   | Received a gift from Nemelex Xobeh
 14418 | Lair:2   | Noticed Urug
 14433 | Lair:2   | Killed Urug
 14450 | Lair:2   | Noticed Fannar
 14480 | Lair:2   | Killed Fannar
 14545 | Lair:2   | Killed a catoblepas
 14862 | Lair:2   | Received a gift from Nemelex Xobeh
 15578 | Lair:3   | Noticed a swamp dragon
 15579 | Lair:3   | Found a staircase to the Swamp.
 15596 | Lair:3   | Killed a swamp dragon
 15596 | Lair:3   | Reached skill level 5 in Stealth
 15596 | Lair:3   | Reached XP level 12. HP: 51/66 MP: 3/27
 15598 | Lair:3   | Reached skill level 5 in Invocations
 15638 | Lair:3   | Received a gift from Nemelex Xobeh
 15662 | Lair:3   | Reached skill level 12 in Spellcasting
 15666 | Lair:3   | Noticed Sonja
 15673 | Lair:3   | Killed Sonja
 15698 | Lair:3   | Noticed a four-headed hydra
 15708 | Lair:3   | Killed a four-headed hydra
 15737 | Lair:3   | Noticed Gastronok
 15752 | Lair:3   | Killed Gastronok
 15888 | Lair:3   | Received a gift from Nemelex Xobeh
 16169 | Lair:3   | Reached ****** piety under Nemelex Xobeh
 16169 | Lair:3   | Received a gift from Nemelex Xobeh
 16427 | Lair:3   | Received a gift from Nemelex Xobeh
 16707 | Lair:4   | Received a gift from Nemelex Xobeh
 16850 | Lair:4   | Learned a level 5 spell: Bolt of Magma
 17024 | Lair:4   | Noticed a six-headed hydra
 17035 | Lair:4   | Killed a six-headed hydra
 17694 | Lair:4   | Found a staircase to the Snake Pit.
 17698 | Lair:4   | Reached skill level 13 in Spellcasting
 17771 | Snake:1  | Entered Level 1 of the Snake Pit
 18319 | Snake:1  | Noticed a naga sharpshooter
 18321 | Snake:1  | Noticed a naga sharpshooter
 18322 | Snake:1  | a naga sharpshooter changed into a death drake
 18322 | Snake:1  | a naga sharpshooter changed into a redback
 18327 | Snake:1  | Reached skill level 5 in Conjurations
 18338 | Snake:1  | Noticed a naga warrior
 18808 | Snake:1  | Killed a naga warrior
 18808 | Snake:1  | Reached skill level 1 in Evocations
 18808 | Snake:1  | Reached XP level 13. HP: 41/70 MP: 7/30
 19267 | Snake:1  | HP: 3/70 [anaconda (7)]
 19270 | Snake:1  | Mangled by an anaconda

Skill      XL: |  1  2  3  4  5  6  7  8  9 10 11 12 13 |
---------------+----------------------------------------+-----
Earth Magic    | 4 5 6 7 8 10 | 10.1
Spellcasting   | 4 5 6 8 9 11 13 | 13.2
Maces & Flails | 1 |  1.5
Invocations    | 1 2 3 4 5 |  5.8
Stealth        | 3 4 5 |  5.5
Conjurations   | 3 4 5 6 |  6.2
Fighting       | 1 2 3 4 |  4.0
Transmutations | 2 4 5 7 |  7.9
Staves         | 1 2 3 |  3.1
Evocations     | 1 |  1.0
Dodging        | |  1.5

Action                   |  1- 3 |  4- 6 |  7- 9 | 10-12 | 13-15 || total
-------------------------+-------+-------+-------+-------+-------++-------
Melee: Mace              |    10 |    30 |    62 |     1 |       ||   103
       Quarterstaff      |       |       |    23 |    34 |     3 ||    60
Throw: Stone             |       |     1 |     2 |     5 |       ||     8
 Cast: Sandblast         |    23 |    31 |   122 |   209 |     7 ||   392
       Stone Arrow       |       |     1 |    54 |    63 |       ||   118
       Passwall          |       |     1 |       |       |     1 ||     2
       Lee's Rapid Decon |       |       |     6 |    46 |       ||    52
       Petrify           |       |       |     4 |    84 |    10 ||    98
       Leda's Liquefacti |       |       |       |     2 |       ||     2
Invok: Triple Draw       |       |       |     1 |       |       ||     1
       Deal Four         |       |       |       |     2 |     1 ||     3
Evoke: Deck              |     3 |     3 |    17 |    67 |     9 ||    99
       Wand              |       |       |     1 |     7 |     1 ||     9
  Use: Scroll            |     5 |       |    11 |    20 |     4 ||    40
       Potion            |       |       |     1 |     8 |       ||     9
 Stab: Distracted        |       |       |       |     1 |       ||     1
       Petrified         |       |       |       |     5 |     1 ||     6
  Eat: Chunk             |     1 |     3 |    17 |    22 |       ||    43
       Meat ration       |       |       |     1 |     1 |       ||     2
       Fruit             |       |       |     1 |    11 |     3 ||    15
       Bread ration      |       |       |       |     1 |       ||     1
       Royal jelly       |       |       |       |     1 |       ||     1
Armor: Robe              |     7 |    16 |    47 |    60 |    10 ||   140
Dodge: Dodged            |    18 |    31 |    67 |   102 |     9 ||   227
Block: Buckler           |       |       |       |     1 |       ||     1
